[Event "Titled Tuesday Blitz October 25 Late 2022"]
[White "Deac, Bogdan-Daniel"]
[Black "Adla, Diego"]
[WhiteFideId "1226380"]
[BlackFideId "100072"]
[WhiteElo "2648"]
[BlackElo "2377"]
[Result "1-0"]
[Round "02"]
[TimeControl "180+1"]
[Date "2022.10.26"]
[WhiteClock "0:00:05"]
[BlackClock "0:00:06"]

1. Nf3 d5 2. g3 Nd7 3. Bg2 e5 4. O-O Ngf6 5. d3 Bc5 6. c4 dxc4 7. dxc4 O-O 8. Nc3 c6 9. Qc2 h6 10. a3 a5 11. Rb1 Qe7 12. Nd2 Re8 13. Nde4 Nxe4 14. Nxe4 Ba7 15. b4 axb4 16. axb4 Nf8 17. c5 Bb8 18. Bb2 Bf5 19. Ra1 Rxa1 20. Rxa1 Ne6 21. Qc4 Nd4 22. e3 Nb5 23. h4 Be6 24. Qe2 Bd5 25. Qh5 Qe6 26. Ra8 Nc7 27. Ra1 Nb5 28. Rd1 Bc7 29. g4 g6 30. Nf6+ Qxf6 31. Qxh6 Bxg2 32. Kxg2 Rd8 33. Rxd8+ Bxd8 34. h5 gxh5 35. Qxh5 Qg5 36. Qxg5+ Bxg5 37. Bxe5 Bd8 38. f4 Nc7 39. e4 Na6 40. Bc3 b6 41. cxb6 Bxb6 42. Kf3 Nc7 43. e5 Nd5 44. Bd2 Bd4 45. Ke4 Bc3 46. Bxc3 Nxc3+ 47. Kd4 Ne2+ 48. Ke3 Nc1 49. Kd4 Kg7 50. f5 Ne2+ 51. Kc5 Nf4 52. Kxc6 Nd3 53. b5 Nxe5+ 54. Kc7 Nc4 55. g5 f6 56. g6 Ne3 57. b6 Nxf5 58. b7 Ne7 59. b8=Q Nxg6 60. Kd6 Kh6 61. Qa7 Kg5 62. Qg1+ Kf5 63. Qf2+ Nf4 64. Kc5 Kg4 65. Kd4 f5 66. Ke3 Nh5 67. Qg2+ Ng3 68. Qf3+ Kh3 69. Kf2 f4 70. Qxf4 Nh1+ 71. Kf3 Nf2 72. Qg3# 1-0


[Site "https://www.chess.com"]

[Event "Titled Tuesday Blitz October 25 Late 2022"]
[White "Dilanyan, Grigor"]
[Black "Szente Varga, Fruzsina"]
[WhiteFideId "13303570"]
[BlackFideId "712264"]
[WhiteElo "2264"]
[BlackElo "1994"]
[Result "1-0"]
[Round "02"]
[TimeControl "180+1"]
[Date "2022.10.26"]
[WhiteClock "0:00:53"]
[BlackClock "0:00:11"]

1. b3 e5 2. Bb2 Nc6 3. g3 d5 4. Bg2 Nf6 5. h4 Bc5 6. a4 Ng4 7. e3 O-O 8. Nf3 d4 9. O-O f5 10. exd4 Nxd4 11. Nc3 f4 12. Ne4 Nxf3+ 13. Qxf3 Bd4 14. c3 Bxf2+ 15. Rxf2 Nxf2 16. Qxf2 fxg3 17. Qxg3 Bf5 18. c4 Qe7 19. Bxe5 Rae8 20. d4 Bxe4 21. Bxe4 c5 22. Bd5+ Kh8 23. Bd6 Qe2 24. Bxf8 Rxf8 25. dxc5 Qd2 26. Re1 Qd4+ 27. Qe3 Qxh4 28. Qe7 Qg4+ 29. Bg2 Qf5 30. Rf1 1-0


[Site "https://www.chess.com"]

[Event "Titled Tuesday Blitz October 25 Late 2022"]
[White "Dilmukhametov, Artur"]
[Black "Msellek, Ilyass"]
[WhiteFideId "24179922"]
[BlackFideId "675938"]
[WhiteElo "2197"]
[BlackElo "2303"]
[Result "1-0"]
[Round "02"]
[TimeControl "180+1"]
[Date "2022.10.26"]
[WhiteClock "0:00:19"]
[BlackClock "0:00:01"]

1. d4 d5 2. Nc3 Bf5 3. Bf4 c6 4. e3 e6 5. Nf3 Bb4 6. Ne5 Qa5 7. Qd2 Nf6 8. f3 h6 9. g4 Bh7 10. h4 Nbd7 11. Bd3 Bxd3 12. Nxd3 Nb6 13. Nxb4 Qxb4 14. Nd1 Qxd2+ 15. Kxd2 Ke7 16. b3 a5 17. a4 Nfd7 18. Nb2 f6 19. c4 g5 20. Bg3 dxc4 21. bxc4 c5 22. Rhc1 h5 23. hxg5 hxg4 24. fxg4 fxg5 25. Nd3 Rac8 26. Rab1 cxd4 27. c5 dxe3+ 28. Kxe3 Nd5+ 29. Kd4 b6 30. Bd6+ Kf7 31. c6 N7f6 32. Ne5+ Kg7 33. c7 Rh2 34. Nc4 Rh4 35. Nxb6 Rxg4+ 36. Kd3 Nxb6 37. Rxb6 Nd7 38. Rb5 Rh4 39. Rxg5+ Kf6 40. Rxa5 Rh3+ 41. Ke4 Kf7 42. Rf1+ Kg6 43. Rg1+ Kf7 44. Rag5 Rh7 45. Rg8 Nf6+ 46. Ke5 Nxg8 47. Rf1+ Kg7 48. Kxe6 Rh6+ 49. Kd7 Rxd6+ 50. Kxd6 Ra8 51. Rg1+ Kf7 52. Rxg8 Kxg8 53. Kd7 Rxa4 54. c8=Q+ 1-0


[Site "https://www.chess.com"]

[Event "Titled Tuesday Blitz October 25 Late 2022"]
[White "Djokic, Mihailo"]
[Black "Howell, David W L"]
[WhiteFideId "976440"]
[BlackFideId "410608"]
[WhiteElo "2315"]
[BlackElo "2567"]
[Result "0-1"]
[Round "02"]
[TimeControl "180+1"]
[Date "2022.10.26"]
[WhiteClock "0:00:03"]
[BlackClock "0:00:06"]

1. e4 g6 2. d4 Bg7 3. Be3 c6 4. Nc3 d5 5. e5 Nh6 6. Be2 Nf5 7. Qd2 c5 8. Nf3 Nc6 9. Bb5 O-O 10. Bxc6 bxc6 11. dxc5 Rb8 12. Rb1 Ba6 13. Nd4 Qc8 14. f4 f6 15. exf6 Rxf6 16. Bf2 Bh6 17. Nxf5 Qxf5 18. g3 e5 19. h3 exf4 20. g4 Qe6+ 21. Kd1 Qf7 22. Re1 Qf8 23. Bd4 f3 24. Qf2 Rf7 25. Be3 Bg7 26. Bd4 Bh6 27. b4 Re8 28. b5 cxb5 29. c6 b4 30. Bc5 Rxe1+ 31. Kxe1 Qe8+ 32. Kd1 bxc3 33. g5 Be2+ 34. Kc1 Bxg5+ 35. Be3 Bxe3+ 0-1


[Site "https://www.chess.com"]

[Event "Titled Tuesday Blitz October 25 Late 2022"]
[White "Erenberg, Ariel"]
[Black "Haszon, David"]
[WhiteFideId "2811634"]
[BlackFideId "733610"]
[WhiteElo "2416"]
[BlackElo "2211"]
[Result "1-0"]
[Round "02"]
[TimeControl "180+1"]
[Date "2022.10.26"]
[WhiteClock "0:00:19"]
[BlackClock "0:00:19"]

1. e4 c6 2. d4 d5 3. Nc3 dxe4 4. Nxe4 Nf6 5. Nxf6+ exf6 6. c3 Bd6 7. Bd3 O-O 8. Qc2 h5 9. Ne2 Re8 10. Be3 Qa5 11. O-O Qc7 12. h3 Nd7 13. c4 c5 14. Rad1 Nf8 15. dxc5 Bxc5 16. Bf4 Qb6 17. a3 a5 18. Nc3 Be6 19. Ne4 Be7 20. Rfe1 Rac8 21. Nd6 Bxd6 22. Bxd6 Qc6 23. c5 Bd5 24. Bf5 Bxg2 25. Bxc8 Rxc8 26. Kh2 Ne6 27. Qf5 Qf3 28. Qxf3 Bxf3 29. Rd3 Bc6 30. h4 g6 31. Kg3 f5 32. b4 axb4 33. axb4 Ra8 34. Be5 Ra4 35. Red1 Kf8 36. Bc3 Ra8 37. Bf6 f4+ 38. Kh3 Ke8 39. R1d2 f3 40. Kg3 Kf8 41. Rd1 Ke8 42. Ra1 Rc8 43. Rd6 Kf8 44. Rad1 Ng7 45. Bxg7+ Kxg7 46. Rd8 Rc7 47. Rb1 Re7 48. b5 Be4 49. Rc1 Re5 50. c6 bxc6 51. bxc6 Bf5 52. c7 Re4 53. c8=Q Bxc8 54. Rcxc8 Rg4+ 55. Kxf3 Rxh4 56. Rd7 Ra4 57. Rcc7 Kh6 58. Rxf7 Ra6 59. Rh7+ Kg5 60. Rc5+ Kf6 61. Rh8 Ra3+ 62. Kg2 Ra4 63. Rf8+ Kg7 64. Rf3 Ra6 65. Rc7+ Kh6 66. Rg3 Rb6 67. Rcc3 Rf6 68. Rgf3 Re6 69. Rc5 Rd6 70. Rfc3 Rd4 71. Rc6 Rg4+ 72. Rg3 Rg5 73. Rxg5 Kxg5 74. Kg3 Kf5 75. Rc5+ Kf6 76. f4 Kg7 77. Kh4 Kh6 78. Rc6 Kg7 79. Kg5 h4 80. Rxg6+ Kh8 81. Rh6+ Kg7 82. Rxh4 Kg8 83. Rh6 Kf8 84. Rf6+ Kg8 85. Kg6 Kh8 86. Rf8# 1-0


[Site "https://www.chess.com"]

[Event "Titled Tuesday Blitz October 25 Late 2022"]
[White "Ernst, Sipke"]
[Black "Caruana, Fabiano"]
[WhiteFideId "1004689"]
[BlackFideId "2020009"]
[WhiteElo "2438"]
[BlackElo "2847"]
[Result "1-0"]
[Round "02"]
[TimeControl "180+1"]
[Date "2022.10.26"]
[WhiteClock "0:00:29"]
[BlackClock "0:01:19"]

1. d4 Nf6 2. c4 e6 3. g3 c5 4. Nf3 cxd4 5. Nxd4 a6 6. Bg2 Qc7 7. Nd2 Nc6 8. Nxc6 dxc6 9. O-O e5 10. b3 Bc5 11. Bb2 O-O 12. Qc2 Re8 13. Ne4 Nxe4 14. Bxe4 h6 15. Rad1 a5 16. Bc3 Bh3 17. Rfe1 Qe7 18. Bf5 Bxf5 19. Qxf5 g6 20. Qd7 Qf6 21. e3 Re7 22. Qg4 h5 23. Qe4 Qe6 24. Rd2 Qg4 25. Qxg4 hxg4 26. h3 gxh3 27. Kh2 Bb4 28. Rc1 f6 29. Kxh3 Kf7 30. a4 Bxc3 31. Rxc3 Ra6 32. Rd6 Rb6 33. g4 g5 34. Kg3 e4 35. Rd4 Rb4 36. Kg2 Kg6 37. Rd6 Rh7 38. Re6 Rh1 39. Kxh1 1-0


[Site "https://www.chess.com"]

[Event "Titled Tuesday Blitz October 25 Late 2022"]
[White "Firouzja, Alireza"]
[Black "Czernek, Tymon"]
[WhiteFideId "12573981"]
[BlackFideId "1199510"]
[WhiteElo "2903"]
[BlackElo "2240"]
[Result "1-0"]
[Round "02"]
[TimeControl "180+1"]
[Date "2022.10.26"]
[WhiteClock "0:01:16"]
[BlackClock "0:00:39"]

1. d4 Nf6 2. c4 g6 3. Nf3 Bg7 4. g3 O-O 5. Bg2 d6 6. O-O Nbd7 7. Nc3 c6 8. e4 Qc7 9. h3 e5 10. Be3 Re8 11. d5 Kh8 12. Rc1 Ng8 13. b4 f5 14. dxc6 bxc6 15. b5 Ndf6 16. exf5 gxf5 17. bxc6 Ba6 18. Nb5 Bxb5 19. cxb5 d5 20. Nh4 f4 21. Bc5 Nh6 22. gxf4 exf4 23. Bd4 Rg8 24. Kh1 Ne4 25. Bxg7+ Qxg7 26. Qxd5 Nf6 27. Qe5 Rae8 28. Qxf4 Nh5 29. Qf3 Qg5 30. Rc4 Ref8 31. Qc3+ Nf6 32. c7 Nf5 33. c8=Q Rxc8 34. Rxc8 Nxh4 35. Rxg8+ Kxg8 36. Rg1 Qf4 37. Bd5+ Kf8 38. Qc5+ Ke8 39. Re1+ Kd8 40. Qe7+ Kc8 41. Qb7+ Kd8 42. Qa8+ Kd7 43. Qxa7+ Kd8 44. Qb6+ Kd7 45. Bc6+ Kd6 46. Qb8+ 1-0


[Site "https://www.chess.com"]

[Event "Titled Tuesday Blitz October 25 Late 2022"]
[White "Forgacs, Attila Jr."]
[Black "Szpar, Milosz"]
[WhiteFideId "773654"]
[BlackFideId "1184989"]
[WhiteElo "2168"]
[BlackElo "2422"]
[Result "0-1"]
[Round "02"]
[TimeControl "180+1"]
[Date "2022.10.26"]
[WhiteClock "0:00:02"]
[BlackClock "0:00:12"]

1. e4 c5 2. Nf3 e6 3. d4 cxd4 4. Nxd4 Nf6 5. Nc3 Nc6 6. Nxc6 bxc6 7. e5 Nd5 8. Ne4 Bb7 9. Be2 c5 10. Bf3 Qc7 11. c4 Qxe5 12. cxd5 exd5 13. Qb3 Rb8 14. O-O dxe4 15. Re1 Bd6 16. g3 O-O 17. Bf4 Qe7 18. Bxd6 Qxd6 19. Rad1 Qf6 20. Bg2 Bc6 21. Qa3 Rxb2 22. Qxc5 Rxa2 23. Bxe4 Bxe4 24. Rxe4 Qf3 25. Rde1 g6 26. Re8 Rxe8 27. Rxe8+ Kg7 28. Qf8+ Kf6 29. Qh8+ Kg5 30. Re5+ f5 31. Qd8+ Kh6 32. Qf8+ Kh5 33. g4+ Qxg4+ 0-1


[Site "https://www.chess.com"]

[Event "Titled Tuesday Blitz October 25 Late 2022"]
[White "Garagulya, Konstantin"]
[Black "Maranhao,Jose Renato Ruiz"]
[WhiteFideId "4128931"]
[BlackFideId "2135175"]
[WhiteElo "2329"]
[BlackElo "1970"]
[Result "1-0"]
[Round "02"]
[TimeControl "180+1"]
[Date "2022.10.26"]
[WhiteClock "0:00:59"]
[BlackClock "0:00:09"]

1. d4 b6 2. e4 Bb7 3. Bd3 g6 4. Nf3 Bg7 5. O-O d6 6. Re1 e6 7. a4 a5 8. Nbd2 Nd7 9. Bb5 Ne7 10. c3 O-O 11. h3 h6 12. Nf1 Kh7 13. Qb3 c5 14. Ng3 cxd4 15. cxd4 Rc8 16. Bxd7 Qxd7 17. Qxb6 Qc7 18. Qxc7 Rxc7 19. Bd2 Rc2 20. Bxa5 Rxb2 21. Bc7 d5 22. e5 Ra8 23. a5 Nc6 24. Reb1 Rb4 25. Rxb4 Nxb4 26. Ne2 Bf8 27. Nc3 Ba6 28. Na4 Bc4 29. Nb6 Ra7 30. Bd6 Bxd6 31. exd6 Kg7 32. d7 Nc6 33. Ne5 Nd8 34. f4 Kf8 35. Kf2 Ke7 36. Nc8+ 1-0


[Site "https://www.chess.com"]

[Event "Titled Tuesday Blitz October 25 Late 2022"]
[White "Garayev, Kanan"]
[Black "Jaferian, Koosha"]
[WhiteFideId "13406671"]
[BlackFideId "12507440"]
[WhiteElo "2244"]
[BlackElo "2127"]
[Result "1-0"]
[Round "02"]
[TimeControl "180+1"]
[Date "2022.10.26"]
[WhiteClock "0:00:21"]
[BlackClock "0:00:07"]

1. d4 Nf6 2. c4 e6 3. g3 d5 4. Bg2 Bb4+ 5. Nd2 O-O 6. Nf3 c6 7. O-O Nbd7 8. Qc2 b6 9. e4 Ba6 10. b3 Rc8 11. e5 Ne8 12. a3 Be7 13. Bb2 c5 14. Rfd1 Bb7 15. Rac1 dxc4 16. Qxc4 cxd4 17. Qxd4 Bc5 18. Qf4 Nc7 19. Ne4 Nd5 20. Qg4 Be7 21. Nd6 Rxc1 22. Rxc1 Ba6 23. b4 Be2 24. Rc8 Qxc8 25. Nxc8 Rxc8 26. Qe4 Bb5 27. Nd4 Bc4 28. Bf1 Bf8 29. Nf3 b5 30. Ng5 g6 31. Qh4 h5 32. Qd4 a6 33. Qa7 Rc7 34. Qxa6 Bg7 35. Qa8+ Nf8 36. Bd4 h4 37. Bc5 hxg3 38. hxg3 Bxf1 39. Kxf1 Rd7 40. Bd6 Nb6 41. Qc6 Nc4 42. Ne4 Bxe5 43. Bxe5 Nxe5 44. Qxb5 Rd5 45. Nf6+ Kg7 46. Nxd5 exd5 47. Qxd5 Nfd7 48. a4 Kf6 49. a5 Ke7 50. a6 Ng4 51. Qe4+ Nge5 52. a7 Nb6 53. Qxe5+ Kf8 54. Qb8+ Kg7 55. Qxb6 1-0


[Site "https://www.chess.com"]

[Event "Titled Tuesday Blitz October 25 Late 2022"]
[White "Gardezi, Arsal"]
[Black "Leenhouts, Koen"]
[WhiteFideId "30949521"]
[BlackFideId "1008439"]
[WhiteElo "1906"]
[BlackElo "2409"]
[Result "0-1"]
[Round "02"]
[TimeControl "180+1"]
[Date "2022.10.26"]
[WhiteClock "0:00:11"]
[BlackClock "0:00:17"]

1. Nf3 Nf6 2. g3 g6 3. Bg2 Bg7 4. O-O O-O 5. d3 c5 6. Nbd2 Nc6 7. e4 d6 8. c3 Rb8 9. a4 a6 10. d4 cxd4 11. cxd4 Bg4 12. Qc2 Rc8 13. Qb3 Bxf3 14. Nxf3 Nxe4 15. Qxb7 d5 16. Qxa6 Nxd4 17. Nxd4 Bxd4 18. Qd3 Bxf2+ 19. Rxf2 Nxf2 20. Kxf2 Qb6+ 21. Qe3 Rc2+ 22. Kf1 Qa6+ 23. Kg1 Re2 24. Bf1 Rxe3 25. Bxa6 Rb3 26. Be2 d4 27. Bd1 Rb4 28. b3 Rc8 29. Bd2 Rb7 30. a5 e5 31. Ra4 Ra7 32. b4 e4 33. b5 e3 34. b6 Rd7 35. a6 exd2 36. b7 Re8 37. a7 Rxb7 38. a8=Q Rxa8 39. Rxa8+ Kg7 40. Rd8 Rb1 41. Rxd4 Rxd1+ 42. Kg2 h5 43. Kf3 Rf1+ 44. Ke2 Rh1 45. Kxd2 Rxh2+ 46. Ke3 Ra2 47. Kf4 Ra3 48. Rd7 Ra4+ 49. Kf3 Rg4 50. Rc7 Rg5 51. Rb7 Rf5+ 52. Kg2 Ra5 53. Rc7 Ra4 54. Kf3 Kf6 55. Rc6+ Kg5 56. Rc7 f5 57. Rc5 Ra3+ 58. Kg2 Ra2+ 59. Kh3 Ra3 60. Kg2 Rb3 61. Kh3 Rb4 62. Rc8 Rd4 63. Rg8 Rd3 64. Kg2 Rd6 65. Kh3 Rc6 66. Rg7 f4 67. gxf4+ Kxf4 68. Rf7+ Kg5 69. Ra7 Rc3+ 70. Kg2 Rc5 71. Re7 Kf5 72. Rf7+ Kg4 73. Ra7 Rc2+ 74. Kg1 g5 75. Ra3 Kh4 76. Ra4+ g4 77. Ra3 g3 78. Ra4+ Kh3 79. Ra3 Rc1# 0-1


[Site "https://www.chess.com"]

[Event "Titled Tuesday Blitz October 25 Late 2022"]
[White "Gareyev, Timur"]
[Black "Ferreira, Vitor Hugo Vieira"]
[WhiteFideId "14200937"]
[BlackFideId "2119765"]
[WhiteElo "2552"]
[BlackElo "2168"]
[Result "0-1"]
[Round "02"]
[TimeControl "180+1"]
[Date "2022.10.26"]
[WhiteClock "0:00:15"]
[BlackClock "0:01:46"]

1. e4 c5 2. b4 d6 3. bxc5 dxc5 4. Nf3 Nc6 5. Bb5 Bd7 6. O-O Nf6 7. Re1 e6 8. a4 Be7 9. e5 Nd5 10. Na3 O-O 11. Bb2 a6 12. Bd3 Nf4 13. Be4 Qc7 14. d3 Rae8 15. h4 f5 16. exf6 Bxf6 17. Bxf6 Rxf6 18. g3 Nh3+ 19. Kg2 e5 20. c3 Ref8 21. Rh1 Nxf2 22. Kxf2 Bg4 23. Rf1 Bxf3 24. Bxf3 Rxf3+ 25. Qxf3 Rxf3+ 26. Kxf3 Qf7+ 27. Ke2 Qb3 28. Rfc1 Qb2+ 29. Ke3 Qg2 30. Rg1 Qb2 31. Rgc1 Ne7 32. Nc4 Nd5+ 33. Ke4 Nxc3+ 34. Kf5 Qf2+ 35. Ke6 Qf6+ 36. Kd7 Qc6+ 37. Kd8 Nd5 0-1


[Site "https://www.chess.com"]

[Event "Titled Tuesday Blitz October 25 Late 2022"]
[White "Gireman, Ja"]
[Black "Polster, Christian"]
[WhiteFideId "5043794"]
[BlackFideId "12965081"]
[WhiteElo "2153"]
[BlackElo "2209"]
[Result "1-0"]
[Round "02"]
[TimeControl "180+1"]
[Date "2022.10.26"]
[WhiteClock "0:01:05"]
[BlackClock "0:00:56"]

1. e4 f5 2. exf5 Kf7 3. Qh5+ g6 4. fxg6+ Kg7 5. gxh7 Rxh7 6. Qg5+ Kh8 7. Bd3 Bh6 8. Qg3 Rf7 9. b3 d6 10. Bb2+ e5 11. Nf3 Nc6 12. Nh4 Bf4 13. Ng6+ Kg7 14. Nxf4+ Kf8 15. Ng6+ Ke8 16. Nh8 1-0


[Site "https://www.chess.com"]

[Event "Titled Tuesday Blitz October 25 Late 2022"]
[White "Gogolev, Artem"]
[Black "Vasquez Schroeder, Rodrigo"]
[WhiteFideId "4116615"]
[BlackFideId "3400042"]
[WhiteElo "2178"]
[BlackElo "2577"]
[Result "0-1"]
[Round "02"]
[TimeControl "180+1"]
[Date "2022.10.26"]
[WhiteClock "0:00:20"]
[BlackClock "0:00:36"]

1. d4 Nf6 2. c4 e6 3. g3 c5 4. Nf3 cxd4 5. Nxd4 d5 6. Bg2 e5 7. Nf3 d4 8. O-O Nc6 9. e3 Be7 10. exd4 exd4 11. Bf4 Be6 12. Nbd2 O-O 13. Re1 Re8 14. a3 a5 15. Ne5 Qb6 16. Qb3 Qa6 17. Rac1 a4 18. Qd3 Rad8 19. c5 Qxd3 20. Nxd3 Bd5 21. Ne4 Nxe4 22. Bxe4 Bxe4 23. Rxe4 g5 24. Bc7 Rd7 25. Bd6 Red8 26. Bxe7 Rxe7 27. Rxe7 Nxe7 28. Rc4 Nc6 29. Rxa4 f6 30. Kf1 Kf7 31. Ke2 Ke6 32. Rc4 Kd5 33. Rc1 Ne5 34. Nb4+ Ke4 35. Re1 d3+ 36. Kd2+ Kf3 37. Re3+ Kg2 38. b3 Kxh2 39. Nxd3 Kg2 40. b4 Nc4+ 41. Ke2 Nxe3 42. Kxe3 Re8+ 43. Kd4 h5 44. b5 Kf3 45. c6 bxc6 46. bxc6 h4 47. gxh4 gxh4 48. c7 h3 49. Nc5 h2 50. Ne6 0-1


[Site "https://www.chess.com"]

[Event "Titled Tuesday Blitz October 25 Late 2022"]
[White "Goltsev, Dmitry"]
[Black "Barash, Anton"]
[WhiteFideId "24176710"]
[BlackFideId "30935229"]
[WhiteElo "2257"]
[BlackElo "2285"]
[Result "1-0"]
[Round "02"]
[TimeControl "180+1"]
[Date "2022.10.26"]
[WhiteClock "0:01:14"]
[BlackClock "0:00:03"]

1. e4 e6 2. d4 d5 3. exd5 exd5 4. Nf3 Nf6 5. c4 Be7 6. Bd3 O-O 7. O-O Bg4 8. Nc3 dxc4 9. Bxc4 Nbd7 10. Bg5 Nb6 11. Bb3 c6 12. Qd3 Nfd5 13. Bd2 Bf6 14. a3 Re8 15. Rfe1 Qc7 16. Rac1 Nf4 17. Bxf4 Qxf4 18. Ne2 Qe4 19. Qxe4 Rxe4 20. Bc2 Bxf3 21. gxf3 Re7 22. Ng3 Rxe1+ 23. Rxe1 Bxd4 24. Re7 Rb8 25. b3 Nd5 26. Rd7 Bb6 27. Nf5 Nf6 28. Re7 Kf8 29. Re2 Rd8 30. b4 g6 31. Ng3 Nd5 32. Rd2 Ke7 33. Ne2 Nf6 34. Bd3 c5 35. bxc5 Bxc5 36. a4 Rd6 37. Nf4 Bb4 38. Re2+ Kf8 39. Bb5 a6 40. Bc4 Nd7 41. Bb3 Nc5 42. Bc2 Rd2 43. Rxd2 Bxd2 44. Nd5 b5 45. axb5 axb5 46. Kf1 b4 47. Ke2 b3 48. Kxd2 bxc2 49. Kxc2 Kg7 50. Kc3 Ne6 51. Kd3 Kh6 52. Ke4 Ng5+ 53. Kf4 f5 54. Nc7 Ne6+ 55. Nxe6 1-0


[Site "https://www.chess.com"]

[Event "Titled Tuesday Blitz October 25 Late 2022"]
[White "Goncalves, Davi Sulzbacher"]
[Black "Marin Masis, Jose Esteban"]
[WhiteFideId "2154510"]
[BlackFideId "6508146"]
[WhiteElo "2182"]
[BlackElo "1838"]
[Result "1-0"]
[Round "02"]
[TimeControl "180+1"]
[Date "2022.10.26"]
[WhiteClock "0:01:52"]
[BlackClock "0:01:48"]

1. Nf3 c5 2. g3 d5 3. Bg2 Nc6 4. d4 cxd4 5. Nxd4 Nf6 6. c4 e6 7. cxd5 Nxd5 8. Nxc6 bxc6 9. O-O Bd6 10. e4 Nb6 11. e5 Bxe5 12. Bxc6+ Bd7 13. Bxa8 Qxa8 14. Qh5 Bf6 15. Nc3 O-O 16. Bg5 Bd4 17. Rad1 e5 18. Be3 Bc6 19. Bxd4 Bf3 20. Qxe5 f6 21. Qe6+ 1-0


[Site "https://www.chess.com"]

[Event "Titled Tuesday Blitz October 25 Late 2022"]
[White "Goroshkov, Maksym"]
[Black "Sarana, Alexey"]
[WhiteFideId "14142716"]
[BlackFideId "24133795"]
[WhiteElo "2257"]
[BlackElo "2689"]
[Result "0-1"]
[Round "02"]
[TimeControl "180+1"]
[Date "2022.10.26"]
[WhiteClock "0:00:05"]
[BlackClock "0:00:55"]

1. e4 c5 2. c3 d5 3. exd5 Qxd5 4. d4 Nc6 5. Nf3 Bf5 6. Be2 e6 7. O-O Nf6 8. c4 Qd7 9. Be3 cxd4 10. Nxd4 Nxd4 11. Qxd4 Qxd4 12. Bxd4 a6 13. Bf3 O-O-O 14. Bb6 Rd7 15. Nc3 Bb4 16. Rad1 Bxc3 17. bxc3 Be4 18. Bxe4 Nxe4 19. Rxd7 Kxd7 20. Rd1+ Kc6 21. Bd4 Rd8 22. Re1 Nf6 23. a4 Ne8 24. Rb1 Nd6 25. Rb6+ Kc7 26. c5 Nc4 27. Rb4 Na5 28. Rb1 Rg8 29. Be5+ Kc6 30. Rb6+ Kxc5 31. Bd4+ Kc4 32. Rb4+ Kd3 33. Rb6 Ke4 34. f3+ Kd5 35. Kf2 e5 36. Be3 f6 37. Rb4 Rc8 38. Rh4 h6 39. Rg4 g5 40. Rb4 Rxc3 41. Rb6 Rc6 42. Rb2 Rc4 43. Rb6 Rc2+ 44. Kg3 Rc6 45. Rb2 Nc4 46. Rb3 Nxe3 47. Rxe3 b5 48. axb5 axb5 49. Rd3+ Kc4 50. Rd7 b4 51. Rb7 b3 52. Kg4 Kc3 53. Kf5 Kc2 54. g4 b2 0-1


[Site "https://www.chess.com"]

[Event "Titled Tuesday Blitz October 25 Late 2022"]
[White "Goryachkina, Aleksandra"]
[Black "Paravyan, David"]
[WhiteFideId "4147103"]
[BlackFideId "4194985"]
[WhiteElo "2484"]
[BlackElo "2555"]
[Result "1-0"]
[Round "02"]
[TimeControl "180+1"]
[Date "2022.10.26"]
[WhiteClock "0:00:02"]
[BlackClock "0:00:01"]

1. e4 e5 2. Nf3 Nf6 3. Nxe5 d6 4. Nf3 Nxe4 5. Nc3 Nxc3 6. dxc3 Be7 7. Be3 O-O 8. Qd2 Nd7 9. O-O-O Nf6 10. Bd3 Re8 11. Kb1 d5 12. h4 c5 13. h5 c4 14. Be2 h6 15. Nd4 Ne4 16. Qc1 Bf6 17. Bf3 Qa5 18. Bxe4 Rxe4 19. f3 Re8 20. g4 Qd8 21. Rdg1 b5 22. g5 hxg5 23. Bxg5 b4 24. Nc6 Qd6 25. Nxb4 a5 26. Nxd5 Be5 27. Ne3 Rb8 28. Nxc4 Qc6 29. Nxe5 Rxe5 30. Bf4 Qxc3 31. Bxe5 Qxe5 32. h6 g6 33. h7+ Kh8 34. Re1 Qb5 35. c4 Bf5+ 36. Ka1 Qb4 37. a3 Qb3 38. Re3 Qb6 39. Qc3+ f6 40. c5 Qc6 41. Rhe1 Kxh7 42. Re7+ Kh8 43. Rh1+ Kg8 44. Rhe1 Qd5 45. c6 1-0


[Site "https://www.chess.com"]

[Event "Titled Tuesday Blitz October 25 Late 2022"]
[White "Graif, William"]
[Black "Matinian, Nikita"]
[WhiteFideId "2609835"]
[BlackFideId "24129100"]
[WhiteElo "2205"]
[BlackElo "2422"]
[Result "0-1"]
[Round "02"]
[TimeControl "180+1"]
[Date "2022.10.26"]
[WhiteClock "0:00:02"]
[BlackClock "0:00:34"]

1. d4 Nf6 2. Nc3 e6 3. e4 c5 4. d5 d6 5. Bb5+ Bd7 6. Bxd7+ Nbxd7 7. Nf3 e5 8. a4 Be7 9. O-O Nf8 10. Rb1 Ng6 11. g3 O-O 12. Kg2 Qd7 13. Qe2 h6 14. b3 Nh7 15. Be3 f5 16. exf5 Rxf5 17. Nd2 Raf8 18. Nce4 Nf4+ 19. Bxf4 exf4 20. f3 fxg3 21. hxg3 Rh5 22. Rh1 Rhf5 23. c4 Bf6 24. f4 Bd4 25. Rbe1 R5f7 26. Nf3 Bf6 27. Nxf6+ Nxf6 28. Qe6 a6 29. Qxd7 Rxd7 30. Re2 Re8 31. Rxe8+ Nxe8 32. Re1 Kf7 33. a5 Re7 34. Rxe7+ Kxe7 35. Nh4 Kf6 36. Kf3 g5 37. fxg5+ hxg5 38. Ng2 Ke5 39. Ke3 Nf6 40. Ne1 Ng4+ 41. Kd3 Nh2 42. Ke2 g4 43. Kd3 Nf1 44. Ng2 Nxg3 45. Ne3 Kf4 46. Ng2+ Kg5 47. Ke3 Nf5+ 48. Ke4 g3 49. Kf3 Nd4+ 50. Kxg3 Nxb3 51. Ne3 Nxa5 52. Kf3 b5 0-1


[Site "https://www.chess.com"]

[Event "Titled Tuesday Blitz October 25 Late 2022"]
[White "Gunduz, Umut Erdem"]
[Black "Roman, Rodrigo"]
[WhiteFideId "6381383"]
[BlackFideId "3701220"]
[WhiteElo "2182"]
[BlackElo "2001"]
[Result "1-0"]
[Round "02"]
[TimeControl "180+1"]
[Date "2022.10.26"]
[WhiteClock "0:01:21"]
[BlackClock "0:00:19"]

1. e4 c5 2. Nf3 Nc6 3. d4 cxd4 4. Nxd4 e5 5. Nb5 d6 6. N1c3 a6 7. Na3 b5 8. Nd5 Nge7 9. c4 Nxd5 10. cxd5 Nd4 11. Bd3 g6 12. O-O Bg7 13. Be3 O-O 14. Nc2 Bd7 15. Rc1 Nxc2 16. Rxc2 f5 17. f3 f4 18. Bf2 g5 19. Qe2 Qa5 20. a3 Rac8 21. Rfc1 Rxc2 22. Qxc2 Rc8 23. Qd1 Qd8 24. Be2 h5 25. h3 Kh7 26. Qd2 Rc7 27. Kh2 Qc8 28. Rxc7 Qxc7 29. Qb4 Bf6 30. b3 Be7 31. Be1 Qc2 32. Bf1 Qc1 33. Qc3 Qxc3 34. Bxc3 Bd8 35. Bb4 Bc7 36. Be2 a5 37. Bc3 Bb6 38. Be1 Kg6 39. h4 g4 40. g3 fxg3+ 41. Kxg3 gxf3 42. Bxf3 Bd8 43. Bf2 Be8 44. Ba7 Bc7 45. Be3 Bd8 46. Bd2 Kf6 47. Bg5+ Kg7 48. Bxd8 Kf7 49. Bxa5 1-0


[Site "https://www.chess.com"]

[Event "Titled Tuesday Blitz October 25 Late 2022"]
[White "Guz, Ari"]
[Black "Sanal, Vahap"]
[WhiteFideId "2825759"]
[BlackFideId "6300545"]
[WhiteElo "2205"]
[BlackElo "2574"]
[Result "1-0"]
[Round "02"]
[TimeControl "180+1"]
[Date "2022.10.26"]
[WhiteClock "0:00:21"]
[BlackClock "0:01:10"]

1. Nf3 d6 2. d4 Nf6 3. Nc3 d5 4. Bf4 a6 5. e3 e6 6. a3 c5 7. dxc5 Bxc5 8. Bd3 Nc6 9. O-O O-O 10. Ne5 Bd6 11. Nxc6 bxc6 12. Bxd6 Qxd6 13. Qe2 e5 14. e4 a5 15. Rad1 d4 16. Nb1 Rb8 17. b3 Re8 18. a4 g6 19. Nd2 Nh5 20. g3 Bh3 21. Rfe1 Be6 22. Bc4 Bd7 23. Qf3 Re7 24. Bd3 Rf8 25. Nc4 Qc7 26. Qe2 Ng7 27. Qd2 Bg4 28. Be2 h5 29. Bxg4 hxg4 30. Qxa5 Qb8 31. Qc5 Re6 32. a5 f5 33. a6 Rf7 34. exf5 Rxf5 35. a7 Qa8 36. Ra1 Re8 37. Nb6 Qb7 38. a8=Q Rxa8 39. Rxa8+ Kh7 40. Re8 Qf7 41. Re7 Qf8 42. Nd7 Qd8 43. R1xe5 Rf3 44. Qxd4 Qg8 45. Re3 Rf5 46. Nf6+ 1-0


[Site "https://www.chess.com"]